 Dungeon Crawl Stone Soup version 0.30-a0-626-gd6a5dd7a1f (webtiles) character file.

Game seed: 15119584450432720559

1929 bande the Cleaver (level 9, 0/55 HPs)
             Began as a Gargoyle Fighter on Jan 12, 2023.
             Slain by a wight
             ... wielding a +3 halberd of freezing
              (6 damage)
             ... on level 6 of the Dungeon.
             The game lasted 00:09:15 (5894 turns).

bande the Cleaver (Gargoyle Fighter)                Turns: 5894, Time: 00:09:15

Health: 0/55       AC: 19    Str: 15    XL:     9   Next: 17%
Magic:  9/9        EV: 10    Int:  9    God:
Gold:   289        SH:  7    Dex: 25    Spells: 8/8 levels left

rFire   . . .      SeeInvis .    a - +1 war axe
rCold   . . .      Faith    .    c - +0 buckler
rNeg    + + +      Spirit   .    f - +4 ring mail "Wauran" {rN++ Str-5 Slay+4}
rPois   ∞          Reflect  .    m - +1 helmet
rElec   +          Harm     .    (no cloak)
rCorr   .          Rampage  .    (no gloves)
Will    .....                    (no boots)
Stlth   +                        (no amulet)
HPRegen 0.29/turn                n - +6 ring of dexterity
MPRegen 0.11/turn                p - +6 ring of dexterity

@: no status effects
A: sickness immunity, AC +6, negative energy resistance 1, electricity
resistance, torment resistance 1, petrification resistance
a: no special abilities


You were on level 6 of the Dungeon.
You visited 1 branch of the dungeon, and saw 6 of its levels.

You collected 289 gold pieces.

Inventory:

Hand Weapons
 a - a +1 war axe (weapon)
 q - a +0 war axe
 v - a +0 flail
Armour
 b - a +0 scale mail
 c - a +0 buckler (worn)
 f - the +4 ring mail "Wauran" (worn) {rN++ Str-5 Slay+4}
   (You found it on level 2 of the Dungeon)

   Str:       It affects your strength (-5).
   Slay:      It affects your accuracy & damage with ranged weapons and melee
   (+4).
   rN:        It greatly protects you from negative energy.
 m - a +1 helmet (worn)
Jewellery
 n - a +6 ring of dexterity (left hand)
 p - a +6 ring of dexterity (right hand)
 s - a ring of fire
Scrolls
 g - 6 scrolls of identify
 h - a scroll of amnesia
 u - 2 scrolls of silence
Potions
 d - a potion of might
 e - a potion of haste
 i - a potion of flight
 j - a potion of mutation
 k - 2 potions of berserk rage
 l - a potion of magic
 o - a potion of invisibility
 r - 4 potions of ambrosia


   Skills:
 + Level 6.2 Fighting
 + Level 8.4 Axes
 + Level 6.1 Armour
 + Level 4.9 Shields


You had 8 spell levels left.
You didn't know any spells.
Your spell library contained the following spells:

 Spells                   Type           Power      Damage    Failure   Level
 Ensorcelled Hibernation  Hex/Ice        0%         N/A       82%         2
 Passwall                 Tmut/Erth      0%         N/A       82%         2
 Summon Guardian Golem    Hex/Summ       0%         N/A       96%         3
 Swiftness                Air            0%         N/A       96%         3
 Dispel Undead            Necr           0%         3d6       100%        4
 Death Channel            Necr           0%         N/A       100%        6
 Orb of Destruction       Conj           0%         9d5       100%        7
 Spellforged Servitor     Conj/Summ      0%         N/A       100%        7
 Cigotuvi's Dreadful Rot  Necr/Pois/Air  Unusable   N/A       N/A         2

Dungeon Overview and Level Annotations

Branches:
Dungeon (6/15)             Temple (0/1) D:5

Altars:
Ashenzari
Cheibriados
Kikubaaqudgha
Qazlal
Sif Muna

Shops:
D:3 (=


Innate Abilities, Weirdness & Mutations

You are immune to sickness and miasma.
Your stone body is resilient. (AC +6)
You are immune to poison.
You resist negative energy. (rN+)
You are resistant to electric shocks. (rElec)
You are resistant to unholy torment.
You are immune to petrification.


Message History

The wight hits you from afar with a +3 halberd of freezing!
The wight freezes you. The adder bites you but does no damage.
You slash the adder!
You kill the adder!
The wight hits you from afar with a +0 halberd.
You block the wight's attack.
You hit the wight.
The wight is lightly damaged.
The wight hits you from afar with a +0 halberd.
You block the wight's attack. The wight hits you with a +0 flail.
You hit the wight but do no damage.
The wight is lightly damaged.
You block the wight's attack. x2; The wight hits you with a +0 flail!
The wight hits you but does no damage. The wight closely misses you.
The wight hits you from afar with a +0 halberd!
* * * LOW HITPOINT WARNING * * *
You are too injured to fight recklessly!
You are too injured to fight recklessly!
You are too injured to fight recklessly!
You are too injured to fight recklessly!
You are too injured to fight recklessly!
You are too injured to fight recklessly!
You are too injured to fight recklessly!
You are too injured to fight recklessly!
You slash the wight!
You destroy the wight!
The wight hits you from afar with a +3 halberd of freezing.
* * * LOW HITPOINT WARNING * * *
The wight freezes you.
* * * LOW HITPOINT WARNING * * *
You block the wight's attack.
The wight hits you but does no damage. x2
Items here: )) [[.
The wight hits you from afar with a +3 halberd of freezing.
* * * LOW HITPOINT WARNING * * *
The wight freezes you.
* * * LOW HITPOINT WARNING * * *
The wight hits you but does no damage.
The wight hits you with a +3 halberd of freezing.
You die...

#.................#.#
...#......###.######.#.#
...#......###.### #.#
................. #..
..............### ###
#............#
#............#
#....z.).....#
#....z@......#
#..../.......#
#............#
#............#
#............#
#............#
#............#
##############


You could see 2 wights.

Vanquished Creatures
  Grinder (D:6)
  3 yaks (D:5)
  A black bear (D:5)
  An ogre (D:5)
  A bullfrog (D:5)
  A necrophage (D:5)
  2 scorpions
  6 wights (D:6)
  A jelly (D:6)
  2 orc priests
  3 hounds
  5 iguanas (D:5)
  2 orc wizards
  7 adders
  3 gnolls (D:6)
  A shadow imp (D:6)
  A white imp (D:5)
  An ufetubus (D:5)
  4 worms
  2 dart slugs
  13 orcs
  9 ball pythons
  7 endoplasms
  4 giant cockroaches
  5 goblins
  8 hobgoblins
  6 jackals
  5 kobolds
  5 quokkas
  12 bats
  4 rats
126 creatures vanquished.

Notes
Turn   | Place    | Note
-------+----------+-------------------------------------------
     0 | D:1      | bande the Gargoyle Fighter began the quest for the Orb.
     0 | D:1      | Reached XP level 1. HP: 14/14 MP: 1/1
   200 | D:1      | Reached XP level 2. HP: 18/19 MP: 2/2
   212 | D:1      | You fall into a shaft and drop 1 floor!
   226 | D:2      | Identified the +4 ring mail "Wauran" {rN++ Str-5 Slay+4}
   344 | D:2      | Reached skill level 2 in Axes
   367 | D:2      | Reached XP level 3. HP: 24/24 MP: 3/3
   804 | D:1      | Reached XP level 4. HP: 29/29 MP: 4/4
  1613 | D:3      | Found an ancient bone altar of Kikubaaqudgha.
  1619 | D:3      | Reached skill level 3 in Axes
  1715 | D:3      | Found Reap's Jewellery Emporium.
  1998 | D:3      | Found a faded altar of an unknown god.
  2073 | D:3      | Reached XP level 5. HP: 23/33 MP: 5/5
  2201 | D:3      | Found Onupp's Weapon Boutique.
  2882 | D:4      | Reached skill level 4 in Axes
  2882 | D:4      | Reached XP level 6. HP: 36/38 MP: 6/6
  3581 | D:5      | Entered Level 5 of the Dungeon
  3703 | D:5      | Found a broken altar of Ashenzari.
  3719 | D:5      | Found a shimmering blue altar of Sif Muna.
  3724 | D:5      | Reached XP level 7. HP: 18/44 MP: 7/7
  4147 | D:5      | Reached skill level 5 in Axes
  4151 | D:5      | Found a staircase to the Ecumenical Temple.
  4444 | D:5      | Reached skill level 5 in Armour
  4452 | D:5      | Found a stormy altar of Qazlal.
  4456 | D:5      | Found a snail-covered altar of Cheibriados.
  4853 | D:5      | Reached skill level 5 in Fighting
  4853 | D:5      | Reached skill level 6 in Axes
  5277 | D:6      | Noticed a yak
  5277 | D:6      | Noticed a yak
  5279 | D:6      | Noticed Grinder
  5279 | D:6      | Noticed a yak
  5285 | D:6      | Reached XP level 8. HP: 35/49 MP: 8/8
  5313 | D:5      | Killed a yak
  5359 | D:5      | Killed a yak
  5360 | D:5      | Reached skill level 7 in Axes
  5372 | D:5      | Killed a yak
  5550 | D:6      | Paralysed by Grinder for 4 turns
  5564 | D:6      | Killed Grinder
  5620 | D:6      | Reached skill level 8 in Axes
  5620 | D:6      | Reached XP level 9. HP: 45/55 MP: 9/9
  5894 | D:6      | Slain by a wight

Illustrated notes

Levels and vault maps discovered:
D:1:      reono_arrival_forest_river, layout_basic, grunt_decor_one_mirror
D:2:      layout_rooms, dk_noncrumbling_4, minmay_octomino_j4
D:3:      layout_loops_corners, nicolae_kikubaaqudgha_miasma_corner,
          dilly_ecumenical_altar_fadedgnrine, serial_shops,
          nicolae_shop_competitors_out_of_business, shop
D:4:      layout_basic, kennysheep_flooded_box
D:5:      layout_layer_cave, grunt_temple_overflow_open,
          minmay_temple_entry_purple_smoke, dreamdust_princess_bridge,
          grunt_ministairs_5, minmay_misc_feat_more_columns,
          kennysheep_generic_room_8
D:6:      layout_basic, mainiacjoe_overflow_alcove_4, uniq_grinder

Skill      XL: |  1  2  3  4  5  6  7  8  9 |
---------------+----------------------------+-----
Axes           | 2 3 4 6 8 |  8.4
Armour         | 4 5 6 |  6.1
Fighting       | 4 5 6 |  6.2
Shields        | 4 |  4.9

Action                   |  1- 3 |  4- 6 |  7- 9 || total
-------------------------+-------+-------+-------++-------
Melee: War axe           |    96 |   127 |   130 ||   353
  Use: Scroll            |     6 |    11 |     1 ||    18
Armor: Scale mail        |     9 |       |       ||     9
       Ring mail         |    46 |    76 |    82 ||   204
Dodge: Dodged            |    57 |    54 |    52 ||   163
Block: Buckler           |    19 |    28 |    31 ||    78

Table legend: (Time is in decaauts)
 A = Elapsed time spent in this place.
 B = Non-inter-level travel time spent in this place.
 C = Inter-level travel time spent in this place.
 D = Time resting spent in this place.
 E = Time spent auto-exploring this place.
 F = Levels seen in this place.
 G = Mean time per level.
                   A        B        C        D        E       F      G
               +--------+--------+--------+--------+--------+-----+--------+
         Total |   6016 |   5880 |    136 |    512 |   4298 |   6 | 1002.7 |
       Dungeon |   6016 |   5880 |    136 |    512 |   4298 |   6 | 1002.7 |
               +--------+--------+--------+--------+--------+-----+--------+

Top non-repeatable levels by time:
     D:5: 1923 daAuts
     D:4: 1199 daAuts
     D:3: 951 daAuts
     D:1: 852 daAuts
     D:2: 661 daAuts
     D:6: 427 daAuts
